 Dungeon Crawl Stone Soup version 0.14-a0-30-gf0b6e91 (webtiles) character file.

48 4tharraofdagon the Vexing (level 2, -2/13 HPs)
             Began as a Spriggan Enchanter on Sept 28, 2013.
             Slain by a hobgoblin
             ... wielding a +0,+0 club
              (5 damage)
             ... on Level 1 of the Dungeon.
             The game lasted 00:00:53 (209 turns).

4tharraofdagon the Vexing (Spriggan Enchanter)       Turns: 209, Time: 00:00:53

HP  -2/13        AC  3     Str  4      XL: 2   Next: 31%
MP   4/6         EV 18     Int 16      God:
Gold 34          SH  0     Dex 16      Spells:  2 memorised,  1 level left

Res.Fire  : . . .   See Invis. : +   a - +1 dagger
Res.Cold  : . . .   Warding    : .   b - +1 robe
Life Prot.: . . .   Conserve   : .   (shield restricted)
Res.Poison: .       Res.Corr.  : .   (helmet restricted)
Res.Elec. : .       Clarity    : .   (no cloak)
Sust.Abil.: . .     Spirit.Shd : .   (gloves unavailable)
Res.Mut.  : .       Stasis     : .   (boots unavailable)
Res.Rott. : .       Flight     : .   (no amulet)
Saprovore : . . .                    (no ring)
                                     (no ring)

@: very slightly contaminated, very quick, slightly resistant to hostile
enchantments, stealthy
A: unfitting armour, see invisible, herbivore 3, speed 3, slow metabolism 2
a: no special abilities


You were on level 1 of the Dungeon.
You were not hungry.

You visited 1 branch of the dungeon, and saw 1 of its levels.

You collected 14 gold pieces.

Inventory:

Hand weapons
 a - a +1,+1 dagger (weapon)
Missiles
 d - 12 darts (quivered)
Armour
 b - a +1 robe (worn)
Scrolls
 f - a scroll of identify {unknown}
Potions
 e - a potion of porridge
Books
 c - a book of Maledictions

   Spells                             Type                      Level
   *Corona                            Hexes                        1
   Sure Blade                         Hexes/Charms                 2
   *Ensorcelled Hibernation           Hexes/Ice                    2
   Confuse                            Hexes                        3
   Enslavement                        Hexes                        4
   Invisibility                       Hexes                        6


   Skills:
 * Level 1.9 Short Blades
 - Level 1.1 Throwing
 - Level 3.0 Dodging
 * Level 3.3 Stealth
 + Level 1.7 Spellcasting
 + Level 3.7 Hexes
 + Level 0.1 Ice Magic


You had one spell level left.
You knew the following spells:

 Your Spells              Type           Power        Failure   Level  Hunger
a - Corona                Hex            ##.....      6%          1    ##.....
b - Ensorcelled Hibernat  Hex/Ice        #.....       17%         2    ###....


Dungeon Overview and Level Annotations

Branches:
Dungeon (1/27)

Altars:


Innate Abilities, Weirdness & Mutations

You are tiny and cannot use many weapons and most armour.
You have supernaturally acute eyesight.
You are a herbivore.
You cover ground extremely quickly.
You need consume almost no food.


Message History

You kill the rat!
You see here a rat corpse.
A hobgoblin comes into view. It is wielding a club.
The hobgoblin shouts!
Found an elven short sword and 3 scrolls labeled LAM PLITUCK.
A hobgoblin is nearby!
You feel yourself slow down.
Found a scroll labeled EBEKKIY QEGAGG.
Casting: Corona
Confirm with . or Enter, or press ? or * to list all spells.
You don't know that spell.
Unknown command.
Casting: Corona
Confirm with . or Enter, or press ? or * to list all spells.
Aiming: Ensorcelled Hibernation
Press: ? - help, Shift-Dir - straight line, f - hobgoblin
Aim: a hobgoblin, wielding a club The hobgoblin struggles to resist.
You closely miss the hobgoblin. The hobgoblin hits you with a club.
You die...

#.###### #.# #.##...#
#### #.# #.##...#....?.
... .....%........ ...
#....###.####.##.###
..................)
#.##...#.####...?.#
...#...#.####...g.#######
...#...#........@........
...######...#.##....#####
#..######...#.##....#
#..#...###..........#
.......#.........####
...%...#.........#
.....###.....%##.#
#....########.##.#
......#### #.##.#


You could see a hobgoblin.

Vanquished Creatures
  A giant gecko (D:1)
  A ball python (D:1)
  4 jackals (D:1)
  3 bats (D:1)
  A giant newt (D:1)
  A kobold (D:1)
  3 rats (D:1)
14 creatures vanquished.

Notes
Turn   | Place    | Note
--------------------------------------------------------------
     0 | D:1      | 4tharraofdagon, the Spriggan Enchanter, began the quest for the Orb.
     0 | D:1      | Reached XP level 1. HP: 9/9 MP: 4/4
   133 | D:1      | Reached XP level 2. HP: 4/13 MP: 4/6
   157 | D:1      | Learned a level 2 spell: Ensorcelled Hibernation
   209 | D:1      | Slain by a hobgoblin

Action                   || total
-------------------------++-------
Melee: Dagger            ||    58
 Cast: Corona            ||     1
       Ensorcelled Hiber ||     1
  Use: Potion            ||     1
